 Dungeon Crawl Stone Soup version 0.24.0-13-gcf9b319 (webtiles) character file.

Game seed: 1554042032989704288, levelgen mode: deterministic

7316 Merovech the Basher (level 11, -19/99 HPs)
             Began as a Hill Orc Fighter on Dec 12, 2019.
             Was a Follower of Beogh.
             Killed by the air
             ... invoked by a blizzard demon
             ... created by the fury of Makhleb
              (22 damage)
             ... on level 9 of the Dungeon.
             The game lasted 01:55:21 (12383 turns).

Merovech the Basher (Hill Orc Fighter)             Turns: 12383, Time: 01:55:22

Health: -19/99     AC: 25    Str: 27    XL:     11   Next: 13%
Magic:  11/11      EV:  6    Int:  8    God:    Beogh [*.....]
Gold:   592        SH: 13    Dex: 11    Spells: 10/10 levels left

rFire    . . .     SeeInvis +   B - +0 morningstar
rCold    . . .     Gourm    .   c - +1 shield
rNeg     . . .     Faith    .   k - +7 plate armour {MR+}
rPois    .         Spirit   .   u - +0 helmet
rElec    .         Reflect  .   s - +0 cloak
rCorr    .         Harm     .   x - +0 pair of gloves
MR       ++...                  (no boots)
Stlth    ..........             D - amulet of rage
HPRegen  0.26/turn              l - ring of see invisible
MPRegen  0.12/turn              b - ring of protection from magic

@: mighty
A: no striking features
a: Renounce Religion, Evoke Berserk Rage


You were on level 9 of the Dungeon.
You worshipped Beogh.
Beogh was aware of your devotion.
You were not hungry.

You visited 2 branches of the dungeon, and saw 10 of its levels.

You collected 709 gold pieces.
You spent 117 gold pieces at shops.

Inventory:

Hand Weapons
 v - a +1 dagger of holy wrath
 y - a +0 broad axe
 B - a +0 morningstar (weapon)
Missiles
 q - 30 boomerangs (quivered)
Armour
 c - a +1 shield (worn)
 k - a +7 plate armour of magic resistance (worn)
 s - a +0 cloak (worn)
 u - a +0 helmet (worn)
 x - a +0 pair of gloves (worn)
Jewellery
 b - a ring of protection from magic (right hand)
 l - a ring of see invisible (left hand)
 p - an uncursed ring of flight
 D - an amulet of rage (around neck)
Wands
 m - a wand of flame (12)
 o - a wand of acid (10)
Scrolls
 g - a scroll of blinking
 h - 4 scrolls of fear
 i - a scroll of identify
 t - a scroll of fog
 z - 2 scrolls of magic mapping
 A - 3 scrolls of remove curse
Potions
 d - a potion of ambrosia
 e - 2 potions of agility
 j - 2 potions of curing
 C - a potion of lignification
Comestibles
 f - 7 rations


   Skills:
 + Level 9.7 Fighting
 * Level 11.7 Maces & Flails
 + Level 9.0 Armour
 + Level 8.9 Shields


You had 10 spell levels left.
You didn't know any spells.
Your spell library contained the following spells:

 Spells                   Type           Power        Failure   Level  Hunger
 Animate Skeleton         Necr           N/A          100%        1    ##.....
 Apportation              Tloc           #.....       100%        1    ##.....
 Confusing Touch          Hex            #.....       100%        1    ##.....
 Summon Small Mammal      Summ           #...         100%        1    ##.....
 Confuse                  Hex            #.......     100%        3    ####...
 Gell's Gravitas          Tloc           #.........   100%        3    ####...
 Petrify                  Tmut/Erth      #.......     100%        4    #####..
 Metabolic Englaciation   Hex/Ice        #.........   100%        5    ######.
 Yara's Violent Unravell  Hex/Tmut       #.........   100%        5    ######.


Dungeon Overview and Level Annotations

Branches:
Dungeon (9/15)             Temple (1/1) D:5             Orc (0/2) D:9
   Lair: D:8-11

Altars:
Ashenzari
Cheibriados
Dithmenos
Elyvilon
Fedhas
Gozag
Hepliaklqana
Kikubaaqudgha
Makhleb
Nemelex Xobeh
Okawaru
Qazlal
Ru
Sif Muna
Trog
Uskayaw
Vehumet
Wu Jian
Xom
Yredelemnul
Zin
The Shining One
Beogh

Shops:
D:7 *

Annotations:
D:9 exclusion: door


Message History

The blizzard demon gestures at you. The freezing blast engulfs you!!
You feel very mighty all of a sudden.
You are engulfed in freezing vapours.
* * * LOW HITPOINT WARNING * * *
The blizzard demon is engulfed in freezing vapours.
You block the blizzard demon's attack.
The blizzard demon hits you but does no damage.
You are engulfed in freezing vapours.
* * * LOW HITPOINT WARNING * * *
The blizzard demon is engulfed in freezing vapours.
There is an open door here.
There is an open door here.
The blizzard demon waves its arms in wide circles.
The air twists around and strikes you!
* * * LOW HITPOINT WARNING * * *
There is an open door, spattered with blood here.
The blizzard demon waves its arms in wide circles.
The air twists around and strikes you!!
You die...

....# #.##........####.......###
###.# ##.##........##.'.......# #
#...###./##........'..#.......#
#.#.##..###........####.......#
#.#.##.## #.>......# #.......#
#.#....# #........# #.......#
..#.#### #####'#### #.......#
##### #..## ######'## ##@.# #..##
#######'#### ##..# #.....÷..2.#
#######'##
#..........###.........
#..........'.#.........
#..........#.'.........
###########..........###.........
..........'..........# #....°....
###########..........# #.........


You could see a blizzard demon.

Vanquished Creatures
  Erolcha (D:9)
  A centaur zombie (D:7)
  4 yaks (D:9)
  A human (D:7)
  A wyvern (D:7)
  4 hogs (D:7)
  A hungry ghost (D:8)
  4 vampire mosquitoes (D:9)
  3 orc warriors
  A black bear (D:6)
  3 sky beasts (D:8)
  4 ogres
  A phantom (D:8)
  2 necrophages
  A centaur (D:7)
  Blork the orc (D:6)
  A big kobold (D:7)
  2 bullfrogs
  5 scorpions
  A howler monkey (D:6)
  20 killer bees
  3 crimson imps
  A bullfrog zombie (D:6)
  A quasit (D:7)
  3 hounds
  2 jellies
  7 orc wizards
  10 orc priests
  Crazy Yiuf (D:4)
  A centaur skeleton (D:6)
  4 iguanas
  4 worker ants
  A hound zombie (D:7)
  A worker ant zombie (D:8)
  A howler monkey zombie (D:5)
  4 gnolls (D:4)
  10 adders
  3 shadow imps
  2 adder skeletons
  2 worms
  2 dart slugs
  4 leopard geckos
  83 orcs
  8 bats
  3 giant cockroaches
  8 goblins
  7 hobgoblins
  2 jackals (D:5)
  8 kobolds
  6 quokkas
  6 frilled lizards
  8 rats
268 creatures vanquished.

Notes
Turn   | Place    | Note
-------+----------+-------------------------------------------
     0 | D:1      | Merovech the Hill Orc Fighter began the quest for the Orb.
     0 | D:1      | Reached XP level 1. HP: 19/19 MP: 1/1
   172 | D:1      | Reached XP level 2. HP: 27/27 MP: 2/2
   771 | D:2      | Reached skill level 3 in Maces & Flails
   771 | D:2      | Reached XP level 3. HP: 32/33 MP: 3/3
  1106 | D:2      | Reached XP level 4. HP: 40/40 MP: 4/4
  1901 | D:3      | Reached XP level 5. HP: 22/47 MP: 5/5
  2266 | D:3      | Reached skill level 4 in Maces & Flails
  2748 | D:3      | Found a sparkling altar of Nemelex Xobeh.
  3015 | D:3      | Reached XP level 6. HP: 53/53 MP: 6/6
  3739 | D:3      | Reached skill level 5 in Fighting
  3827 | D:4      | Reached skill level 5 in Maces & Flails
  4062 | D:4      | Found a white marble altar of Elyvilon.
  4144 | D:4      | Found a shadowy altar of Dithmenos.
  4213 | D:4      | Reached XP level 7. HP: 55/61 MP: 7/7
  4415 | D:4      | Found a runed translucent door.
  4416 | D:4      | Noticed Crazy Yiuf
  4422 | D:4      | Killed Crazy Yiuf
  4603 | D:5      | Entered Level 5 of the Dungeon
  4691 | D:5      | Found a staircase to the Ecumenical Temple.
  4749 | Temple   | Entered the Ecumenical Temple
  5306 | D:5      | Reached skill level 5 in Armour
  5306 | D:5      | Reached skill level 5 in Shields
  5424 | D:5      | Reached skill level 6 in Maces & Flails
  5658 | D:5      | Found a glowing silver altar of Zin.
  5937 | D:6      | Reached XP level 8. HP: 65/70 MP: 8/8
  6297 | D:6      | Reached skill level 7 in Maces & Flails
  6916 | D:6      | Noticed Blork the orc
  6926 | D:6      | Killed Blork the orc
  7153 | D:7      | Reached skill level 8 in Maces & Flails
  7153 | D:7      | Reached XP level 9. HP: 72/78 MP: 9/9
  7738 | D:7      | Found an iron altar of Okawaru.
  7811 | D:7      | Found a burning altar of Makhleb.
  7834 | D:7      | Reached skill level 9 in Maces & Flails
  7853 | D:7      | Found a basalt altar of Yredelemnul.
  7853 | D:7      | Found an ornate altar of the Wu Jian Council.
  8294 | D:7      | Found an opulent altar of Gozag.
  8297 | D:7      | Found a glowing golden altar of the Shining One.
  8533 | D:7      | Reached XP level 10. HP: 46/88 MP: 10/10
  8912 | D:7      | Found Afusirahu's General Store.
  8931 | D:7      | Bought a scroll of identify for 26 gold pieces
  8931 | D:7      | Bought a scroll of remove curse for 39 gold pieces
  8931 | D:7      | Bought a scroll of identify for 26 gold pieces
  8931 | D:7      | Bought a scroll of identify for 26 gold pieces
  9007 | D:7      | Became a worshipper of Makhleb the Destroyer
  9057 | D:7      | Reached skill level 10 in Maces & Flails
  9764 | D:9      | Reached * piety under Makhleb
  9887 | D:9      | Found a roughly hewn altar of Beogh.
  9902 | D:9      | Fell from the grace of Makhleb
  9902 | D:9      | Became a worshipper of Beogh the Brigand
 10819 | D:9      | Noticed a blizzard demon
 11333 | D:9      | Reached * piety under Beogh
 11407 | D:9      | Found a staircase to the Orcish Mines.
 11469 | D:9      | Noticed Erolcha
 11508 | D:9      | Killed Erolcha
 11508 | D:9      | Reached skill level 11 in Maces & Flails
 11823 | D:9      | Reached XP level 11. HP: 49/97 MP: 11/11
 12026 | D:9      | Got a faintly glowing long sword
 12027 | D:9      | Identified the +1 long sword of Pandemonium {freeze, rN+
                  | Int+6} (You found it on level 9 of the Dungeon)
 12364 | D:9      | Noticed a blizzard demon
 12381 | D:9      | HP: 3/99 [blizzard demon/the air[the fury of Makhleb] (7)]
 12383 | D:9      | Killed from afar by a blizzard demon

Levels and vault maps discovered:
D:1:      psy_arrival_conway, layout_loops_cross, minmay_misc_feat_enclosed
D:2:      layout_rooms, serial_aquarium, aquarium_bridge_straight
          [aquarium_subvault_bridge, aquarium_subvault_wall,
          aquarium_subvault_bridge, aquarium_subvault_wall],
          aquarium_bridge_straight [aquarium_subvault_bridge,
          aquarium_subvault_wall, aquarium_subvault_bridge,
          aquarium_subvault_wall], aquarium_window_1, aquarium_window_double,
          aquarium_window_3, aquarium_window_fake, aquarium_view_2a
D:3:      layout_basic, serial_forest, infiniplex_forest_clump_cross,
          infiniplex_forest_lined_4_way, infiniplex_forest_straight_2,
          infiniplex_forest_end_1, infiniplex_forest_lined_ring,
          infiniplex_forest_lined_room_, infiniplex_forest_lined_1,
          infiniplex_forest_lined_2, first_ration, nemelex_diamond_rough_becter
D:4:      layout_basic, old_standard_altar, elyvilon_altar_3,
          uniq_crazy_yiuf_cottage
D:5:      layout_rooms, lemuel_coloured_pillars_altar, temple_pool_b,
          kennysheep_opposing_triangles
D:6:      layout_basic, uniq_blork_the_orc
D:7:      layout_rooms, gammafunk_temple_overflow_statue,
          nicolae_overflow_crystal_walls, grunt_temple_overflow_open,
          serial_shops, nicolae_shop_window_shopping, grunt_livestock
D:8:      layout_cave_pools, hangedman_abyss_or_decor_stagger
D:9:      layout_roguey, hiddenorc1_lemuel, special_room [special_room_orc],
          grunt_decor_fettered, eino_jars, uniq_erolcha
Temple:   eino_temple_water

Skill      XL: |  1  2  3  4  5  6  7  8  9 10 11 |
---------------+----------------------------------+-----
Maces & Flails | 3 4 5 6 8 9 11 | 11.7
Fighting       | 4 5 6 8 9 |  9.7
Armour         | 4 5 6 7 8 9 |  9.0
Shields        | 4 5 6 7 8 |  8.9

Action                   |  1- 3 |  4- 6 |  7- 9 | 10-12 || total
-------------------------+-------+-------+-------+-------++-------
Melee: Flail             |    91 |   282 |   517 |   191 ||  1081
       Morningstar       |       |       |       |   329 ||   329
Throw: Boomerang         |       |     2 |       |       ||     2
  Use: Scroll            |       |       |    10 |    16 ||    26
       Potion            |       |       |       |     8 ||     8
  Eat: Ration            |       |     4 |     2 |     5 ||    11
       Chunk             |       |     1 |     4 |     3 ||     8
Armor: Scale mail        |    30 |   109 |       |       ||   139
       Chain mail        |       |    11 |       |       ||    11
       Plate armour      |       |       |   298 |   435 ||   733
Dodge: Dodged            |    30 |    89 |    70 |   141 ||   330
Block: Shield            |    40 |   172 |   297 |   439 ||   948
